 Dungeon Crawl Stone Soup version 0.29-a0-834-g1e95ca9f62 (webtiles) character file.

Game seed: 8280757522240895162

102 gobodom the Magician (level 5, -3/35 HPs)
             Began as a Djinni Venom Mage on July 13, 2022.
             Slain by a gnoll
             ... wielding a +0 whip
              (4 damage)
             ... on level 3 of the Dungeon.
             The game lasted 00:07:40 (3532 turns).

gobodom the Magician (Djinni Venom Mage)            Turns: 3532, Time: 00:07:40

Health: -3/35      AC:  4    Str:  7    XL:     5   Next: 6%
Gold:   97         EV: 12    Int: 19    God:
                   SH:  0    Dex: 13

rFire   + + +      SeeInvis .   (no weapon)
rCold   . . .      Faith    .   (no shield)
rNeg    . . .      Spirit   .   a - +0 robe
rPois   ∞          Reflect  .   (helmet restricted)
rElec   +          Harm     .   (no cloak)
rCorr   +          Rampage  .   (no gloves)
Will    .....                   (boots unavailable)
Stlth   ++........              (no amulet)
HPRegen 0.11/turn               (no ring)
MPRegen 0.00/turn               (no ring)

@: mighty, resistant, flying
A: sickness immunity, fire resistance 2, cold vulnerability 1, float, innate
caster, HP casting, extra vitality 1, horns 1, iridescent scales 1
a: no special abilities


You were on level 3 of the Dungeon.
You visited 1 branch of the dungeon, and saw 3 of its levels.

You collected 97 gold pieces.

Inventory:

Armour
 a - a +0 robe (worn)
 f - a scarf of harm
 k - a scarf of shadows
Magical Staves
 b - a staff of cold
Scrolls
 e - a scroll of teleportation {unknown}
 i - a scroll of poison {unknown}
 m - a scroll of fog {unknown}
Potions
 c - a potion of attraction
 d - a potion of might
 h - a potion of lignification {unknown}
 j - a potion of curing {unknown}
 l - a potion of mutation


   Skills:
 + Level 0.1 Fighting
 + Level 2.5 Dodging
 + Level 2.4 Stealth
 + Level 3.7 Spellcasting


You couldn't memorise any spells.
You knew the following spells:

 Your Spells              Type           Power      Damage    Failure   Level
a - Sting                 Tmut/Pois      68%        1d6       3%          1
b - Poisonous Vapours     Pois/Air       34%        N/A       4%          2
c - Mephitic Cloud        Conj/Pois/Air  17%        N/A       10%         3
d - Olgreb's Toxic Radia  Pois           17%        N/A       30%         4
e - Apportation           Tloc           34%        N/A       3%          1
f - Call Imp              Summ           17%        N/A       4%          2
Your spell library was empty.

Dungeon Overview and Level Annotations

Branches:
Dungeon (3/15)

Altars:

Shops:
D:1 =


Innate Abilities, Weirdness & Mutations

You are immune to sickness and miasma.
You are immune to poison.
Your flesh is very heat resistant. (rF++)
You are vulnerable to cold. (rC-)
You float through the air rather than walking.
You learn spells naturally, not from books.
Your magical power is your life essence.
You have superior vitality. (+4 MHP)
You have a pair of small horns on your head.
You are partially covered in iridescent scales. (AC +2)


Message History

The sting hits the gnoll.
The gnoll is poisoned.
The gnoll is moderately wounded.
The gnoll closely misses you.
The sting hits the gnoll.
The gnoll looks even sicker.
The gnoll is severely wounded.
The gnoll barely misses you. The gnoll closely misses you.
The gnoll hits you with a +0 whip.
Your magical contamination has completely faded away.
The sting hits the gnoll.
The gnoll looks even sicker.
You kill the gnoll!
The gnoll barely misses you. x2
The sting hits the gnoll.
The gnoll is poisoned.
The gnoll is heavily wounded.
The gnoll completely misses you.
The sting hits the gnoll.
The gnoll looks even sicker.
The gnoll is severely wounded.
You kill the gnoll!
You have reached level 5!
The power to cast Call Imp wells up from within.
Spell assigned to 'f'.
Casting: Sting (safe; 3% risk of failure)
Confirm with . or Enter, or press ? or * to list all spells.
A beastly little devil appears in a puff of flame.
The gnoll hits you from afar with a +0 halberd!
* * * LOW HITPOINT WARNING * * *
The gnoll hits you with a +0 whip!
* * * LOW HITPOINT WARNING * * *
It was a potion of might.
You feel very mighty all of a sudden. The gnoll misses you.
The gnoll closely misses you.
Your crimson imp hits the gnoll.
You are too injured to fight recklessly!
Casting: Call Imp (safe; 4% risk of failure)
Confirm with . or Enter, or press ? or * to list all spells.
You don't have enough health to cast this spell.
It was a potion of resistance.
You feel protected. The gnoll misses you.
Your crimson imp misses the gnoll.
The gnoll hits you with a +0 whip.
You die...

#..........#
#..........#
#.[........#
#..........#
#..........#
#..........#
#...5g.....#
#g# #@# #.#
#.# #.# #.#
#.# #####
#.# #....
#.# #....
#.# #....


You could see 2 gnolls and a friendly crimson imp (summoned).

Vanquished Creatures
  An adder (D:2)
  2 gnolls (D:3)
  3 worms (D:2)
  3 dart slugs (D:1)
  6 endoplasms
  4 giant cockroaches
  8 goblins
  7 hobgoblins
  5 kobolds
  3 quokkas
  4 ball pythons
  A bat (D:2)
  2 frilled lizards
  4 rats (D:1)
53 creatures vanquished.

Notes
Turn   | Place    | Note
-------+----------+-------------------------------------------
     0 | D:1      | gobodom the Djinni Venom Mage began the quest for the Orb.
     0 | D:1      | gobodom set off with the following spells memorised: Sting,
                  | Poisonous Vapours, Mephitic Cloud, Olgreb's Toxic Radiance.
     0 | D:1      | Reached XP level 1. HP: 15/15 MP: 0/0
   201 | D:1      | Found Koretaor's Jewellery Shop.
   421 | D:1      | Reached XP level 2. HP: 19/21 MP: 0/0
   955 | D:1      | Reached skill level 3 in Spellcasting
  1089 | D:1      | Reached XP level 3. HP: 21/25 MP: 0/0
  1089 | D:1      | Learned a level 1 spell: Apportation
  1912 | D:1      | Gained mutation: You are frail. (-10% HP) [potion of
                  | mutation]
  1912 | D:1      | Gained mutation: You sometimes lose your temper in combat.
                  | [potion of mutation]
  1912 | D:1      | Gained mutation: You expend health (3 HP) to strengthen
                  | your wands. [potion of mutation]
  1913 | D:1      | Lost mutation: You sometimes lose your temper in combat.
                  | [potion of mutation]
  1913 | D:1      | Lost mutation: You expend health (3 HP) to strengthen your
                  | wands. [potion of mutation]
  1913 | D:1      | Lost mutation: You are frail. (-10% HP) [potion of
                  | mutation]
  1913 | D:1      | Gained mutation: Your spells are a little harder to cast,
                  | but a little more powerful. [potion of mutation]
  1913 | D:1      | Gained mutation: Your muscles are strong. (Str +4, Int/Dex
                  | -1) [potion of mutation]
  1913 | D:1      | Gained mutation: You occasionally lose the ability to drink
                  | potions when taking damage. [potion of mutation]
  1914 | D:1      | Lost mutation: Your spells are a little harder to cast, but
                  | a little more powerful. [potion of mutation]
  1914 | D:1      | Lost mutation: You occasionally lose the ability to drink
                  | potions when taking damage. [potion of mutation]
  1914 | D:1      | Lost mutation: Your muscles are strong. (Str +4, Int/Dex
                  | -1) [potion of mutation]
  1914 | D:1      | Gained mutation: You are partially covered in iridescent
                  | scales. (AC +2) [potion of mutation]
  1914 | D:1      | Gained mutation: You have a pair of small horns on your
                  | head. [potion of mutation]
  2137 | D:2      | Reached XP level 4. HP: 23/31 MP: 0/0
  3051 | D:2      | Found a faded altar of an unknown god.
  3530 | D:3      | Reached XP level 5. HP: 22/35 MP: 0/0
  3530 | D:3      | Learned a level 2 spell: Call Imp
  3530 | D:3      | HP: 1/35 [gnoll/+0 whip (8)]
  3532 | D:3      | Slain by a gnoll

Illustrated notes

Levels and vault maps discovered:
D:1:      psy_arrival_radial02, layout_basic, serial_shops, shop
D:2:      layout_basic, chequers_ecumenical_altar_grove
D:3:      layout_basic

Skill      XL: |  1  2  3 |
---------------+----------+-----
Spellcasting   | 3 |  3.7
Stealth        | 2 |  2.4
Fighting       | |  0.1
Dodging        | |  2.5

Action                   |  1- 3 |  4- 6 || total
-------------------------+-------+-------++-------
Melee: Unarmed           |       |     8 ||     8
 Cast: Sting             |    66 |    55 ||   121
       Poisonous Vapours |       |     3 ||     3
       Call Imp          |       |     1 ||     1
  Use: Potion            |     3 |     2 ||     5
       Scroll            |     3 |       ||     3
Armor: Robe              |     3 |     7 ||    10
Dodge: Dodged            |    10 |    23 ||    33

Table legend: (Time is in decaauts)
 A = Elapsed time spent in this place.
 B = Non-inter-level travel time spent in this place.
 C = Inter-level travel time spent in this place.
 D = Time resting spent in this place.
 E = Time spent auto-exploring this place.
 F = Levels seen in this place.
 G = Mean time per level.
                   A        B        C        D        E       F      G
               +--------+--------+--------+--------+--------+-----+--------+
         Total |   3531 |   3494 |     37 |      0 |   3155 |   3 | 1177.0 |
       Dungeon |   3531 |   3494 |     37 |      0 |   3155 |   3 | 1177.0 |
               +--------+--------+--------+--------+--------+-----+--------+

Top non-repeatable levels by time:
     D:1: 1955 daAuts
     D:2: 1328 daAuts
     D:3: 247 daAuts
